 Dungeon Sprint DCSS version 0.18-a0-1147-g8e8348b (webtiles) character file.

46 Kidiri the Sneak (level 3, -3/16 HPs)
             Began as a Spriggan Enchanter on Jan 22, 2016.
             Slain by a phantom (4 damage)
             ... in the Dungeon (Sprint III: "The Ten Rune Challenge").
             The game lasted 00:02:09 (201 turns).

Kidiri the Sneak (Spriggan Enchanter)                Turns: 201, Time: 00:02:10

Health: -3/16      AC:  3    Str:  4    XL:     3   Next: 44%
Magic:  4/10       EV: 20    Int: 17    God:
Gold:   10         SH:  0    Dex: 16    Spells: 4 memorised, 2 levels left

rFire  . . .     SeeInvis +     m - -2 dagger (curse)
rCold  . . .     Gourm    .     b - +1 robe
rNeg   . . .     Faith    .     (shield restricted)
rPois  .         Spirit   .     (helmet restricted)
rElec  .         Dismiss  .     (no cloak)
rCorr  .         Reflect  .     (gloves unavailable)
SustAt .         Harm     .     (boots unavailable)
MR     .....     NoTele   +     (no amulet)
Stlth  ++++......               (no ring)
                                (no ring)

@: very quick, not resistant to hostile enchantments, stealthy
A: unfitting armour, see invisible, herbivore 3, speed 3, slow metabolism 2
a: no special abilities


You were in the Dungeon.
You were not hungry.

You visited 1 branch You collected 10 gold pieces.

Inventory:

Hand Weapons
 a - a +1 dagger
 m - a cursed -2 dagger (weapon)
Armour
 b - a +1 robe (worn)
Wands
 l - a wand of random effects (13/48)
Scrolls
 j - a scroll of blinking
Potions
 e - a potion of curing
 f - a potion of heal wounds
 g - a potion of haste
 h - 2 potions of magic
 i - a potion of berserk rage
 k - a potion of brilliance {unknown}
Books
 c - a book of Maledictions

   Spells                             Type                      Level
   a - Corona                         Hexes                        1
   b - Ensorcelled Hibernation        Hexes/Ice                    2
   c - Confuse                        Hexes                        3
   d - Tukima's Dance                 Hexes                        3
   e - Dazzling Spray                 Conjuration/Hexes            3
Comestibles
 d - a bread ration


   Skills:
 * Level 3.6 Short Blades
 * Level 5.5 Dodging
 * Level 6.4 Stealth
 * Level 4.6 Spellcasting
 + Level 0.0 Conjurations
 + Level 4.4 Hexes
 + Level 0.5 Ice Magic


You had 2 spell levels left.
You knew the following spells:

 Your Spells              Type           Power        Failure   Level  Hunger
a - Corona                Hex            ###....      2%          1    None
b - Ensorcelled Hibernat  Hex/Ice        ##....       10%         2    ##.....
c - Confuse               Hex            ###.....     10%         3    ###....
e - Dazzling Spray        Conj/Hex       ##......     21%         3    ###....


Dungeon Overview and Level Annotations

Branches:
Dungeon (1/1)

Altars:


Innate Abilities, Weirdness & Mutations

You are tiny and cannot use many weapons and most armour.
You have supernaturally acute eyesight.
You are a herbivore.
You cover ground extremely quickly.
You need consume almost no food.


Message History

The phantom resists with significant effort.
You hit the phantom but do no damage. You barely miss the phantom.
The phantom barely misses you.
You hit the phantom but do no damage. The phantom completely misses you.
You barely miss the phantom. The phantom completely misses you.
You hit the phantom but do no damage. The phantom hits you.
* * * LOW HITPOINT WARNING * * *
The phantom blinks!
There is an open door here.
Unknown command.
You are too injured to fight recklessly!
You are too injured to fight recklessly!
You are too injured to fight recklessly!
You are too injured to fight recklessly!
You are too injured to fight recklessly!
You miss the phantom. The phantom hits you.
* * * LOW HITPOINT WARNING * * *
You barely miss the phantom. The phantom misses you.
You closely miss the phantom. The phantom hits you.
You die...

▓▓▓▓ ▓▓▓▓▓ ▓<.#
+...♣♣ ♣ ▓..#
#....♣.♣
▓#'####....♣.♣
▓.@W..#....≈♣♣♣♣
▓....%#W..≈≈♣♣.♣♣.#
▓.....#..≈≈≈≈♣..♣.+
▓####'#..≈≈≈≈≈≈♣♣.#
▓.....#.≈≈≈≈≈≈....#
▓.%.[.#.≈≈≈≈≈.....#
▓.....#.≈≈≈.......#
▓+#####...........#
▓...§.............#


You could see a phantom.

Vanquished Creatures
  Jessica (D)
  A human (D)
  3 rats (D)
5 creatures vanquished.

Vanquished Creatures (others)
  A yaktaur (D)
  3 plants (D)
4 creatures vanquished.

Grand Total: 9 creatures vanquished

Notes
Turn   | Place    | Note
--------------------------------------------------------------
     0 | D        | Kidiri the Spriggan Enchanter began the quest for the Orb.
     0 | D        | Reached XP level 1. HP: 9/9 MP: 5/5
    21 | D        | Noticed Jessica
    24 | D        | Killed Jessica
    24 | D        | Reached skill level 6 in Stealth
    24 | D        | Reached XP level 2. HP: 11/13 MP: 6/8
    27 | D        | Reached skill level 5 in Dodging
    69 | D        | Learned a level 2 spell: Ensorcelled Hibernation
    89 | D        | Reached XP level 3. HP: 16/16 MP: 7/10
    94 | D        | Learned a level 3 spell: Confuse
    98 | D        | Learned a level 3 spell: Dazzling Spray
   141 | D        | Killed a yaktaur
   201 | D        | Slain by a phantom

Vault maps used:
D:        dungeon_sprint_mu

Action                   || total
-------------------------++-------
Melee: Dagger            ||    21
 Cast: Ensorcelled Hiber ||     1
       Confuse           ||     3
       Corona            ||     1
 Stab: Sleeping          ||     5
